 Dungeon Crawl Stone Soup version 0.14.2-1-g46dc7f8a84 (webtiles) character file.

2434 ProGaza the Cleaver (level 9, -5/68 (70) HPs)
             Began as a Minotaur Fighter on Feb 29, 2020.
             Slain by an orc warrior
             ... wielding a +1,+1 glaive
              (27 damage)
             ... on Level 8 of the Dungeon.
             The game lasted 00:50:31 (8051 turns).

ProGaza the Cleaver (Minotaur Fighter)              Turns: 8051, Time: 00:50:31

HP  -5/68 (70)   AC  9     Str 22      XL: 9   Next: 12%
MP   4/4         EV  7     Int  5      God:
Gold 246         SH 22     Dex 12      Spells:  0 memorised,  8 levels left

rFire  . . .     SeeInvis .     F - +4,+1 war axe (chop)
rCold  + . .     Clarity  .     b - +0 scale mail
rNeg   . . .     Conserve .     c - +0 shield
rPois  .         rCorr    .     (helmet restricted)
rElec  .         rRot     .     r - +0 cloak of Catatonia {rC+ Acc+3}
SustAb + .       Spirit   .     (no gloves)
rMut   .         Warding  .     (no boots)
Saprov . . .     Stasis   .     (no amulet)
MR     .....                    u - ring of sustain abilities
                                R - ring of flight

@: not resistant to hostile enchantments, extremely unstealthy
A: retaliatory headbutt, horns 2
a: Evoke Flight


You were on level 8 of the Dungeon.
You were hungry.

You visited 2 branches of the dungeon, and saw 9 of its levels.
You also visited: Ossuary.

You collected 387 gold pieces.
You spent 141 gold pieces at shops.

Inventory:

Hand weapons
 z - a +0,+2 vampiric hand axe
 F - a +4,+1 war axe of chopping (weapon)
Missiles
 m - 11 bolts of frost
 n - 2 curare-tipped needles
 E - 40 poisoned needles (quivered)
Armour
 b - a +0 scale mail (worn)
 c - a +0 shield (worn)
 r - the +0 cloak of Catatonia (worn) {rC+ Acc+3}
   (You found it on level 5 of the Dungeon)

   It affects your accuracy with ranged weapons and melee attacks (+3).
   It protects you from cold.
Magical devices
 a - a wand of lightning (1)
 C - a wand of hasting (2) {unknown}
 K - a wand of draining (10) {unknown}
 L - a wand of slowing (16) {unknown}
 O - a wand of confusion (6) {unknown}
 U - a wand of random effects (10) {unknown}
 X - a wand of flame (10) {unknown}
Comestibles
 d - 4 bread rations
 k - 3 pears
 A - 2 meat rations
 H - 2 apples
Scrolls
 f - 6 scrolls of identify
 h - a scroll of noise
 p - 2 scrolls of amnesia
 q - a scroll of blinking
 t - 5 scrolls of remove curse
 v - 7 scrolls of teleportation
 w - 2 scrolls of random uselessness
 M - a scroll of immolation
 N - 3 scrolls of recharging
 P - 6 scrolls of fear
 Q - 2 scrolls of enchant armour {unknown}
 S - a scroll of fog {unknown}
 Y - a scroll of silence {unknown}
Jewellery
 i - a cursed ring of ice
 u - a ring of sustain abilities (right hand)
 y - an uncursed ring of see invisible
 I - the cursed ring of Robustness {AC+8}
   (You took it off an orc on level 4 of the Dungeon)

   [ring of protection]

   It affects your AC (+8).
   It has a curse placed upon it.
 R - a ring of flight (left hand)
 T - an uncursed ring of protection from cold {unknown}
 W - an uncursed ring of teleport control {unknown}
 Z - a cursed ring of teleportation {unknown}
Potions
 e - 3 potions of might
 g - 4 potions of resistance
 j - 2 potions of heal wounds
 l - 2 potions of brilliance
 o - a potion of lignification
 s - 3 potions of haste
 x - 2 potions of poison
 D - 6 potions of curing
 G - a potion of porridge
 J - 2 potions of paralysis
 V - 3 potions of agility
Books
 B - Jessica's Collected Works on Dark Magic
   (You found it on level 3 of the Dungeon)

   Spells                             Type                      Level
   Sublimation of Blood               Necromancy                   2


   Skills:
 - Level 3.6 Fighting
 * Level 11.3 Axes
 + Level 7.5 Armour
 - Level 0.2 Dodging
 + Level 7.2 Shields
 + Level 0.2 Evocations


You had 8 spell levels left.
You didn't know any spells.

Dungeon Overview and Level Annotations

Branches:
Dungeon (8/15)             Temple (1/1) D:6
   Lair: D:8-11

Altars:
Ashenzari
Cheibriados
Dithmenos
Elyvilon
Nemelex Xobeh
Okawaru
Trog
Vehumet
Xom
Yredelemnul
Zin
The Shining One

Shops:
D:4 [*(:


Innate Abilities, Weirdness & Mutations

You reflexively headbutt those who attack you in melee.
You have a pair of horns on your head.


Message History

The orc warrior hits you from afar with a glaive!
An orc comes into view.
The orc shouts!
The orc warrior hits you with a glaive!
You hit the orc warrior but do no damage.
Your headbutt misses the orc warrior. You barely miss the orc warrior.
The orc warrior barely misses you. You furiously retaliate!
You headbutt the orc warrior, but do no damage.
The orc priest mumbles some strange prayers to Beogh against you.
Something smites you!
Your shield and scale mail prevent you from hitting the orc warrior.
The orc warrior hits you with a glaive!
* * * LOW HITPOINT WARNING * * *
Drink which item? (? for menu, Esc to quit)
You feel much better.
The orc priest mumbles some strange prayers to Beogh against you.
Something smites you!
The orc warrior hits you from afar with a glaive!
You die...

##.#.#
#....#
#....#
#...##
##.##
...#####..#
..........#
...#####..#
#@## #.#
#o# #o# #o#
#o# ... #.#
..#


You could see an orc warrior, an orc priest and 2 orcs.

Vanquished Creatures
  2 necrophages (D:6)
  A water moccasin (D:6)
  An orc warrior (D:7)
  An ice beast (D:6)
  A sky beast (D:7)
  2 centaurs
  An ogre (D:6)
  Sigmund (D:6)
  2 giant frogs
  Blork the orc (D:6)
  A scorpion (D:4)
  A jelly (D:7)
  A goliath beetle (D:6)
  3 crimson imps
  2 orc priests
  4 hounds
  2 human zombies (Ossuary)
  A centaur skeleton (D:6)
  2 iguanas
  7 orc wizards
  2 worker ants
  Jessica (D:3)
  A big kobold zombie (Ossuary)
  4 mummies (Ossuary)
  5 adders
  A shadow imp (D:5)
  A giant mite (D:3)
  4 worms
  4 orc skeletons
  A giant eyeball (D:5)
  5 giant geckos
  An ooze (D:1)
  20 orcs
  2 ball pythons
  10 bats
  3 giant cockroaches
  A gnoll zombie (Ossuary)
  11 goblins
  12 hobgoblins
  11 kobolds
  5 giant newts
  A goblin zombie (Ossuary)
  9 jackals
  3 kobold zombies (Ossuary)
  3 quokkas
  7 rats
165 creatures vanquished.

Notes
Turn   | Place    | Note
--------------------------------------------------------------
     0 | D:1      | ProGaza, the Minotaur Fighter, began the quest for the Orb.
     0 | D:1      | Reached XP level 1. HP: 19/19 MP: 1/1
   176 | D:1      | Reached XP level 2. HP: 26/26 MP: 1/1
   628 | D:1      | Reached skill level 4 in Axes
   987 | D:2      | Reached XP level 3. HP: 31/31 MP: 2/2
  1216 | D:2      | Reached skill level 5 in Axes
  1723 | D:3      | Reached XP level 4. HP: 25/39 MP: 2/2
  2059 | D:3      | Noticed Jessica
  2063 | D:3      | Killed Jessica
  2063 | D:3      | Reached skill level 6 in Axes
  2070 | D:3      | Identified Jessica's Collected Works on Dark Magic
  2106 | D:3      | Reached XP level 5. HP: 36/45 MP: 2/2
  2646 | D:3      | Found a sparkling altar of Nemelex Xobeh.
  2777 | D:4      | Found Ipren's Antique Weapon Shoppe.
  2788 | D:4      | Reached skill level 7 in Axes
  2808 | D:4      | Bought a glowing war axe for 80 gold pieces
  2993 | D:4      | Found Thun's Antique Armour Shop.
  3051 | D:4      | Reached XP level 6. HP: 51/51 MP: 3/3
  3071 | D:4      | Found Mudoeto's General Store.
  3235 | D:4      | Bought 9 poisoned arrows for 39 gold pieces
  3235 | D:4      | Bought a potion of curing for 22 gold pieces
  3284 | D:4      | Found a sand-covered staircase.
  3295 | Ossuary  | Entered an ossuary
  3671 | Ossuary  | Reached skill level 8 in Axes
  3905 | D:4      | Found Psoihemio's Book Boutique.
  4110 | D:5      | Entered Level 5 of the Dungeon
  4134 | D:5      | Reached XP level 7. HP: 57/57 MP: 3/3
  4169 | D:5      | Got a brightly glowing cloak
  4173 | D:5      | Identified the +0 cloak of Catatonia {rC+ Acc+3} (You found it on level 5 of the Dungeon)
  5090 | D:6      | Noticed Sigmund
  5095 | D:6      | Reached skill level 5 in Armour
  5095 | D:6      | Reached skill level 5 in Shields
  5102 | D:6      | Killed Sigmund
  5102 | D:6      | Reached skill level 9 in Axes
  5255 | D:6      | Found a shattered altar of Ashenzari.
  5306 | D:6      | Reached XP level 8. HP: 52/64 MP: 3/3
  5565 | D:6      | Noticed Blork the orc
  5573 | D:6      | Killed Blork the orc
  5573 | D:6      | Reached skill level 10 in Axes
  5603 | D:6      | Found a staircase to the Ecumenical Temple.
  5900 | Temple   | Entered the Ecumenical Temple
  6529 | D:7      | Reached skill level 11 in Axes
  6654 | D:7      | Found a shimmering altar of Xom.
  7009 | D:6      | Reached XP level 9. HP: 37/68 MP: 4/4
  7921 | D:8      | Found a white marble altar of Elyvilon.
  8051 | D:8      | Slain by an orc warrior

Action                   |  1- 3 |  4- 6 |  7- 9 || total
-------------------------+-------+-------+-------++-------
Melee: War axe           |    86 |   155 |   172 ||   413
       Unarmed           |       |       |    58 ||    58
  Use: Scroll            |       |    14 |     6 ||    20
       Potion            |       |     1 |     4 ||     5
